 Dungeon Crawl Stone Soup version 0.18-a0-1312-gf98331d (webtiles) character file.

110 st0uf the Sneak (level 4, 0/38 HPs)
             Began as a Naga Enchanter on Feb 14, 2016.
             Was an Initiate of Okawaru.
             Slain by a gnoll
             ... wielding a +0 whip
              (2 damage)
             ... on level 2 of the Dungeon.
             The game lasted 00:08:29 (2232 turns).

st0uf the Sneak (Naga Enchanter)                    Turns: 2232, Time: 00:08:29

Health: 0/38       AC:  3    Str: 10    XL:     4   Next: 91%
Magic:  7/7        EV: 10    Int: 17    God:    Okawaru [......]
Gold:   64         SH:  0    Dex: 11    Spells: 1 memorised, 6 levels left

rFire  . . .     SeeInvis +     a - +1 dagger
rCold  . . .     Gourm    .     b - +1 robe
rNeg   . . .     Faith    .     (no shield)
rPois  +         Spirit   .     (no helmet)
rElec  .         Dismiss  .     (no cloak)
rCorr  .         Reflect  .     (no gloves)
SustAt .         Harm     .     (no barding)
MR     .....                    (no amulet)
Stlth  +++.......               i - ring of wizardry
                                l - ring of poison resistance

@: short of breath, very slow, not resistant to hostile enchantments, fairly
stealthy
A: see invisible, deformed body, poison resistance, slowness 2, slow metabolism
1, spit poison 2, AC +1
a: Spit Poison, Renounce Religion


You were on level 2 of the Dungeon.
You worshipped Okawaru.
Okawaru was noncommittal.
You were hungry.

You visited 1 branch of the dungeon, and saw 2 of its levels.

You collected 64 gold pieces.

Inventory:

Hand Weapons
 a - a +1 dagger (weapon)
Armour
 b - a +1 robe (worn)
Jewellery
 f - an uncursed ring of sustain attributes
 i - a ring of wizardry (right hand)
 l - a ring of poison resistance (left hand)
 q - a cursed ring of teleportation {unknown}
Scrolls
 g - 3 scrolls of identify
 h - a scroll of teleportation {unknown}
 j - 2 scrolls of magic mapping {unknown}
 k - a scroll of amnesia {unknown}
 m - a scroll of enchant armour {unknown}
 n - a scroll of remove curse {unknown}
Potions
 e - a potion of brilliance {unknown}
 o - 2 potions of curing {unknown}
Books
 c - a book of Maledictions

   Spells                             Type                      Level
   a - Corona                         Hexes                        1
   b - Ensorcelled Hibernation        Hexes/Ice                    2
   c - Confuse                        Hexes                        3
   d - Tukima's Dance                 Hexes                        3
   e - Dazzling Spray                 Conjuration/Hexes            3
 t - a book of Ice

   Spells                             Type                      Level
   a - Ice Form                       Ice/Transmutation            4
   b - Metabolic Englaciation         Hexes/Ice                    5
   c - Ozocubu's Refrigeration        Ice                          6
   d - Bolt of Cold                   Conjuration/Ice              6
   e - Freezing Cloud                 Conjuration/Ice/Air          6
   f - Simulacrum                     Ice/Necromancy               6
Comestibles
 d - 2 bread rations
 r - 3 meat rations
 s - a chunk of flesh


   Skills:
 + Level 1.2 Fighting
 + Level 1.2 Short Blades
 + Level 2.5 Dodging
 + Level 5.8 Stealth
 + Level 2.4 Spellcasting
 + Level 3.3 Hexes


You had 6 spell levels left.
You knew the following spells:

 Your Spells              Type           Power        Failure   Level  Hunger
a - Corona                Hex            ##.....      2%          1    #......


Dungeon Overview and Level Annotations

Branches:
Dungeon (2/15)

Altars:
Okawaru


Innate Abilities, Weirdness & Mutations

You cannot wear boots.
Your serpentine skin is tough (AC +1).
You have supernaturally acute eyesight.
Armour fits poorly on your strangely shaped body.
Your system is resistant to poisons.
You cover ground very slowly.
You have a slow metabolism.
You can spit poison.


Message History

* * * LOW HITPOINT WARNING * * *
The gnoll barely misses you.
The gnoll hits you from afar with a spear.
* * * LOW HITPOINT WARNING * * *
You kill the gnoll!
Okawaru accepts your kill. The gnoll completely misses you.
You hit the gnoll.
The gnoll is lightly wounded.
The gnoll closely misses you.
You hit the gnoll but do no damage.
The gnoll is lightly wounded.
You have got your breath back.
The gnoll barely misses you.
Press: ? - help, Shift-Dir - straight line, f - gnoll
Aim: a gnoll, wielding a whip (lightly wounded)
The splash of poison hits the gnoll.
The gnoll is poisoned.
The gnoll is heavily wounded.
You feel slightly more hungry. The gnoll hits you with a whip.
You die...

#.# #.#.###...## #.
#.######.#.# #...# #.
#.##.......###...## #.
#.##.......##8...8# #.
#.##..########...######
#.##..#8###8##...##8###
#.##...................
#.##...................
#.##..@................
#.##.g#8###8###⌠###8###
#.##..####### ### #####
#.##.).....# .. #..
#.##.......# .... #..
#.######.#.####.... #..
#.# #.#......... #..
#.######.#......... +..
#........##.......###..


You could see a gnoll.

Vanquished Creatures
  Jessica (D:2)
  A gnoll (D:2)
  An adder (D:2)
  An ooze (D:1)
  2 giant geckos
  5 bats
  4 giant cockroaches
  7 hobgoblins
  2 jackals (D:1)
  3 quokkas (D:2)
  2 giant newts
  3 goblins (D:1)
  10 kobolds
  22 rats
64 creatures vanquished.

Notes
Turn   | Place    | Note
--------------------------------------------------------------
     0 | D:1      | st0uf the Naga Enchanter began the quest for the Orb.
     0 | D:1      | Reached XP level 1. HP: 15/15 MP: 3/3
    73 | D:1      | Reached XP level 2. HP: 13/22 MP: 5/5
   714 | D:1      | Reached XP level 3. HP: 30/30 MP: 6/6
  1355 | D:1      | Reached skill level 5 in Stealth
  1536 | D:2      | Found an iron altar of Okawaru.
  1539 | D:2      | Became a worshipper of Warmaster Okawaru
  1770 | D:2      | Reached skill level 1 in Fighting
  1786 | D:2      | Reached XP level 4. HP: 38/38 MP: 7/7
  2051 | D:2      | Noticed Jessica
  2053 | D:2      | Killed Jessica
  2228 | D:2      | HP: 1/38 [gnoll/spear (6)]
  2232 | D:2      | Slain by a gnoll

Vault maps used:
D:1:      minmay_arrival_cross
D:2:      lemuel_doored_altar, first_bread, corexii_hall_statues_t,
          minmay_rat_hole, uniq_sigmund, uniq_jessica

Action                   |  1- 3 |  4- 6 || total
-------------------------+-------+-------++-------
Melee: Dagger            |   133 |    46 ||   179
 Cast: Corona            |     2 |     1 ||     3
 Abil: Spit Poison       |     8 |     3 ||    11
  Use: Potion            |       |     2 ||     2
       Scroll            |       |     1 ||     1
 Stab: Sleeping          |    15 |     2 ||    17
  Eat: Chunk             |     2 |     1 ||     3
